 Dungeon Crawl Stone Soup version 0.29-a0-1027-gcd8c55af63 (webtiles) character file.

Game seed: 15651163679060568631

69 27heaven the Slasher (level 4, -2/31 HPs)
             Began as an Octopode Monk on Aug 13, 2022.
             Was a Priest of Uskayaw.
             Slain by a gnoll
             ... wielding a +0 spear
              (9 damage)
             ... on level 2 of the Dungeon.
             The game lasted 00:01:49 (1357 turns).

27heaven the Slasher (Octopode Monk)                Turns: 1357, Time: 00:01:50

Health: -2/31      AC:  1    Str: 10    XL:     4   Next: 20%
Magic:  4/4        EV: 14    Int: 12    God:    Uskayaw [***...]
Gold:   45         SH:  0    Dex: 16    Spells: 3/3 levels left

rFire   . . .      SeeInvis .   a - +0 falchion
rCold   . . .      Faith    .   (no shield)
rNeg    . . .      Spirit   .   (helmet restricted)
rPois   .          Reflect  .   (no amulet)
rElec   .          Harm     .   c - ring of wizardry
rCorr   .          Rampage  .   (no ring)
Will    .....                   (no ring)
Stlth   +++.......              (no ring)
HPRegen 0.10/turn               (no ring)
MPRegen 0.09/turn               (no ring)
                                (no ring)
                                (no ring)

@: no status effects
A: almost no armour, amphibious, 8 rings, camouflage 1, gelatinous body 1,
(nimble swimmer 1), tentacles
a: Renounce Religion, Stomp, Line Pass


You were on level 2 of the Dungeon.
You worshipped Uskayaw.
Uskayaw was noncommittal.
You visited 1 branch of the dungeon, and saw 2 of its levels.

You collected 45 gold pieces.

Inventory:

Hand Weapons
 a - a +0 falchion (weapon)
Jewellery
 c - a ring of wizardry (left tentacle)
Scrolls
 d - 2 scrolls of enchant armour {unknown}
 g - 2 scrolls of immolation {unknown}
 h - a scroll of magic mapping {unknown}
Potions
 b - 2 potions of ambrosia
 e - a potion of might {unknown}
 f - a potion of heal wounds {unknown}
 i - a potion of lignification {unknown}
 j - a potion of cancellation {unknown}


   Skills:
 - Level 3.0 Fighting
 + Level 4.9 Long Blades
 - Level 3.0 Dodging
 - Level 2.6 Stealth


You had 3 spell levels left.
You didn't know any spells.
Your spell library contained the following spells:

 Spells                   Type           Power      Damage    Failure   Level
 Ensorcelled Hibernation  Hex/Ice        0%         N/A       21%         2
 Passwall                 Tmut/Erth      0%         N/A       21%         2
 Swiftness                Air            0%         N/A       36%         3


Dungeon Overview and Level Annotations

Branches:
Dungeon (2/15)

Altars:
Uskayaw


Innate Abilities, Weirdness & Mutations

You cannot wear most types of armour.
You are amphibious.
You can wear up to eight rings at the same time.
Your skin changes colour to match your surroundings (Stealth+).
Your rubbery body absorbs attacks. (AC +1, EV +1)
((You are camouflaged when in or above water. (Stealth+)))
You have tentacles for arms and can constrict up to eight enemies at once.


Message History

Found a stone staircase leading up.
No target in view!
A gnoll comes into view. It is wielding a +0 halberd.
The gnoll shouts! x2; You hear a shout! x2
There are monsters nearby!
There are monsters nearby!
A gnoll comes into view. It is wielding a +0 spear.
Okay, then.
The gnoll hits you from afar with a +0 halberd!
The gnoll closely misses you.
You closely miss the gnoll. You grab the gnoll. You constrict the gnoll.
The gnoll misses you.
You hit the gnoll.
The gnoll is heavily wounded.
You constrict the gnoll, but do no damage.
The gnoll closely misses you.
You hit the gnoll. You squeeze the gnoll.
The gnoll is severely wounded.
You constrict the gnoll. The gnoll completely misses you.
You can now pass through a line of other dancers.
You hit the gnoll.
You kill the gnoll!
You have reached level 4!
You hit the gnoll. You grab the gnoll. You squeeze the gnoll!
You kill the gnoll!
The gnoll hits you from afar with a +0 spear.
Uskayaw will force your foes to helplessly watch your dance.
Uskayaw prepares the audience for your solo!
The gnoll is no longer paralysed.
The gnoll hits you with a +0 spear.
* * * LOW HITPOINT WARNING * * *
Things that are here:
a +3 flail of holy wrath; a +0 halberd; a scroll labelled AMARRU XYFIUTS You closely miss the gnoll.
You grab the gnoll.
You squeeze the gnoll, but do no damage.
You constrict the gnoll. The gnoll hits you with a +0 spear.
* * * LOW HITPOINT WARNING * * *
You hit the gnoll but do no damage.
You squeeze the gnoll, but do no damage.
You constrict the gnoll. The gnoll hits you with a +0 spear!
You die...

<#...# ......#.#
......#(# ######
......#.# #.....
###.#.#.######.....
#..#.#............
#.##.#.........###
#.#............#
#@#......#######
####g#......#
#.......#.###
#.##.####.# # #.#
#.# #.. ..# ....
..# ##..g.. ....


You could see a gnoll.

Vanquished Creatures
  2 gnolls (D:2)
  5 dart slugs (D:1)
  4 bats (D:1)
  4 endoplasms
  6 giant cockroaches (D:1)
  A goblin (D:1)
  2 hobgoblins
  6 jackals
  A quokka (D:1)
  A ball python (D:1)
  A frilled lizard (D:1)
  A kobold (D:1)
  A rat (D:2)
35 creatures vanquished.

Notes
Turn   | Place    | Note
-------+----------+-------------------------------------------
     0 | D:1      | 27heaven the Octopode Monk began the quest for the Orb.
     0 | D:1      | Reached XP level 1. HP: 16/16 MP: 1/1
    62 | D:1      | Reached XP level 2. HP: 15/21 MP: 2/2
   372 | D:1      | Reached skill level 4 in Long Blades
   375 | D:1      | Reached XP level 3. HP: 16/26 MP: 3/3
  1066 | D:2      | Found a faded altar of an unknown god.
  1077 | D:2      | Prayed at the altar of an unknown god.
  1077 | D:2      | Became a worshipper of Uskayaw the Reveller
  1077 | D:2      | Reached * piety under Uskayaw
  1077 | D:2      | Reached ** piety under Uskayaw
  1354 | D:2      | Reached XP level 4. HP: 18/31 MP: 4/4
  1354 | D:2      | Reached *** piety under Uskayaw
  1357 | D:2      | Slain by a gnoll

Illustrated notes

Levels and vault maps discovered:
D:1:      amcnicky_arrival_choice, layout_basic, chequers_avenue,
          minmay_worlds_worst_comb
D:2:      layout_basic, hellmonk_ecumenical_altar_dog_temple, serial_curves,
          eino_curves_04, eino_curves_04, minmay_fountain_box

Skill      XL: |  1  2 |
---------------+-------+-----
Long Blades    | 4 |  4.9
Fighting       | |  3.0
Dodging        | |  3.0
Stealth        | |  2.6

Action                   |  1- 3 |  4- 6 || total
-------------------------+-------+-------++-------
Melee: Falchion          |    65 |     3 ||    68
       Constrict         |    17 |     2 ||    19
       Tentacles         |    13 |     3 ||    16
       Punch             |     1 |       ||     1
 Stab: Sleeping          |     9 |       ||     9
Armor: Skin              |     5 |       ||     5
Dodge: Dodged            |    50 |       ||    50

Table legend: (Time is in decaauts)
 A = Elapsed time spent in this place.
 B = Non-inter-level travel time spent in this place.
 C = Inter-level travel time spent in this place.
 D = Time resting spent in this place.
 E = Time spent auto-exploring this place.
 F = Levels seen in this place.
 G = Mean time per level.
                   A        B        C        D        E       F      G
               +--------+--------+--------+--------+--------+-----+--------+
         Total |   1363 |   1356 |      7 |     85 |    955 |   2 |  681.5 |
       Dungeon |   1363 |   1356 |      7 |     85 |    955 |   2 |  681.5 |
               +--------+--------+--------+--------+--------+-----+--------+

Top non-repeatable levels by time:
     D:1: 1070 daAuts
     D:2: 292 daAuts
